 Dungeon Crawl Stone Soup version 0.30.1-11-g7821555f0a (webtiles) character file.

Game seed: 10876838894011995248

805 senjinn the Chopper (level 8, -1/61 HPs)
             Began as a Formicid Fighter on Nov 23, 2023.
             Constricted to death by Edmund (2 damage)
             ... on level 5 of the Dungeon.
             The game lasted 00:02:41 (3378 turns).

senjinn the Chopper (Formicid Fighter)              Turns: 3378, Time: 00:02:41

Health: -1/61      AC:  8    Str: 23    XL:     8   Next: 14%
Magic:  8/8        EV:  6    Int:  8    God:
Gold:   275        SH:  5    Dex: 13    Spells: 7/7 levels left

rFire   . . .        a - +0 war axe
rCold   . . .        c - +0 buckler
rNeg    . . .        b - +0 scale mail
rPois   +            (helmet unavailable)
rElec   .            r - +0 cloak
rCorr   .            (no gloves)
SInv    +            (no boots)
Will    .....        (no amulet) Stlth
                     (no ring)
HPRegen 0.30/turn    (no ring)
MPRegen 0.11/turn

%: no passive effects
@: grasped by roots, constricted
A: permanent stasis, dig shafts and tunnels, antennae 3, four strong arms,
poison resistance
a: Dig, Shaft Self


You were on level 5 of the Dungeon.
You visited 1 branch of the dungeon, and saw 5 of its levels.

You collected 275 gold pieces.

Inventory:

Hand Weapons
 a - a +0 war axe (weapon)
Armour
 b - a +0 scale mail (worn)
 c - a +0 buckler (worn)
 r - a +0 cloak (worn)
Jewellery
 h - a ring of fire
Wands
 f - a wand of mindburst (11)
 v - a wand of roots (10)
Scrolls
 e - 2 scrolls of fear {unknown}
 j - 2 scrolls of noise {unknown}
 l - 7 scrolls of identify {unknown}
 o - 2 scrolls of vulnerability {unknown}
 s - a scroll of teleportation {unknown}
 t - 2 scrolls of enchant weapon {unknown}
 u - a scroll of fog {unknown}
Potions
 d - a potion of might
 g - 2 potions of curing
 i - a potion of mutation
 k - 2 potions of heal wounds {unknown}
 m - a potion of degeneration {unknown}
 n - 2 potions of lignification {unknown}
 p - a potion of invisibility {unknown}
 q - a potion of magic {unknown}


   Skills:
 * Level 4.8 Fighting
 * Level 6.2 Axes
 * Level 5.6 Armour
 * Level 5.6 Shields


You had 7 spell levels left.
You didn't know any spells.
Your spell library contained the following spells:

 Spells                   Type           Power      Damage    Failure   Level
 Beastly Appendage        Tmut           0%         N/A       77%         1
 Slow                     Hex            0%         N/A       77%         1
 Scorch                   Fire           0%         2d5       88%         2
 Wereblood                Tmut           0%         N/A       88%         2
 Call Canine Familiar     Summ           0%         N/A       98%         3
 Confusing Touch          Hex            0%         N/A       98%         3
 Portal Projectile        Hex/Tloc       0%         N/A       98%         3
 Spider Form              Tmut/Pois      0%         N/A       98%         3
 Vampiric Draining        Necr           0%         2d6       98%         3
 Flame Wave               Conj/Fire      0%         2d4       100%        4
 Leda's Liquefaction      Hex/Erth       0%         N/A       100%        4
 Summon Forest            Summ/Tloc      0%         N/A       100%        5
 Eringya's Noxious Bog    Tmut/Pois      0%         N/A       100%        6
 Summon Cactus Giant      Summ           0%         N/A       100%        6
 Summon Hydra             Summ           0%         N/A       100%        7


Dungeon Overview and Level Annotations

Branches:
Dungeon (5/15)
 Temple: D:4-7

Altars:

Annotations:
D:3 2 runed translucent doors, senjinn's ghost, amateur FoFi
D:5 Edmund


Innate Abilities, Weirdness & Mutations

You cannot be hasted, slowed, berserked, paralysed or teleported.
You can dig through walls and to a lower floor.
You have a pair of large antennae on your head. (SInv)
Your four strong arms can wield two-handed weapons with a shield.
Your system is resistant to poisons. (rPois)


Message History

The grasping roots grab you!
Edmund is unaffected.
The adder is unaffected.
The grasping roots constrict you. You block the adder's attack.
You hear a shout! x4
You hit Edmund.
Edmund is lightly wounded.
You slash the adder! Edmund barely misses you.
The grasping roots constrict you. The adder bites you but does no damage.
Edmund hits you with a +2 flail of protection.
The grasping roots constrict you.
Unknown command.
You are too injured to fight recklessly!
You are too injured to fight recklessly!
You are too injured to fight recklessly!
Unknown command.
You hit Edmund but do no damage.
Edmund is lightly wounded.
You slash the adder!
You kill the adder!
Edmund hits you with a +2 flail of protection.
The grasping roots constrict you.
Edmund hits you with a +2 flail of protection.
The grasping roots constrict you.
* * * LOW HITPOINT WARNING * * *
The grasping roots release their grip on you.
You closely miss Edmund.
Edmund is lightly wounded.
Edmund zaps a wand.
The roots erupt in riotous growth!
The grasping roots grab you!
Edmund is unaffected.
The grasping roots constrict you.
* * * LOW HITPOINT WARNING * * *
Edmund closely misses you. The grasping roots constrict you.
* * * LOW HITPOINT WARNING * * *
An orc comes into view. It is wielding a +0 whip.
It was a potion of mutation.
You feel extremely strange.
You feel resistant to poisons.
Edmund hits you with a +2 flail of protection!
* * * LOW HITPOINT WARNING * * *
The grasping roots constrict you.
You die...

...# #######
...# #.....o
..## .......##
# ...#
......... .#
####..#
........##.#
#<....# #
...........#
###...#
..#.......@...#
#...#
....######@...#
#####...#
..............#
........#
#.#.....#####.#
######..#
.........)....#
#..#
#.####...#....#
#...
#...#.##.#.#
#.##
#...#......#
#.#
#.#.#..########
#.#
#.#...........#
##.#


You could see Edmund (fast) and an orc.

Vanquished Creatures
  Pikel (D:4)
  A centaur (D:3)
  2 lemures (D:4)
  A scorpion (D:4)
  An iguana (D:3)
  Ijyb (D:3)
  Terence (D:2)
  6 adders
  A dart slug (D:4)
  An orc (D:5)
  6 ball pythons
  9 endoplasms
  A giant cockroach (D:3)
  5 goblins
  6 hobgoblins
  7 jackals
  4 kobolds
  4 quokkas
  4 bats
  A frilled lizard (D:3)
  8 rats
71 creatures vanquished.

Notes
Turn   | Place    | Note
-------+----------+-------------------------------------------
     0 | D:1      | senjinn the Formicid Fighter began the quest for the Orb.
     0 | D:1      | Reached XP level 1. HP: 18/18 MP: 1/1
   191 | D:1      | Reached XP level 2. HP: 24/24 MP: 2/2
   541 | D:1      | Found a faded altar of an unknown god.
   627 | D:1      | Reached XP level 3. HP: 27/29 MP: 3/3
  1417 | D:2      | Reached XP level 4. HP: 28/37 MP: 4/4
  1421 | D:2      | Noticed Terence
  1424 | D:2      | Reached skill level 3 in Axes
  1432 | D:2      | Killed Terence
  1687 | D:3      | Reached XP level 5. HP: 24/42 MP: 5/5
  1791 | D:3      | Identified the +2 spear "Goblinslayer" {drain, rN+ Int+4}
  1801 | D:3      | Found a runed translucent door.
  1802 | D:3      | Noticed a bullfrog
  1803 | D:3      | Noticed senjinn's ghost (amateur FoFi)
  2060 | D:3      | Noticed a centaur
  2075 | D:3      | Killed a centaur
  2076 | D:3      | Reached skill level 4 in Axes
  2076 | D:3      | Reached XP level 6. HP: 11/48 MP: 6/6
  2245 | D:3      | Noticed Ijyb
  2246 | D:3      | Found a runed translucent door.
  2280 | D:3      | Killed Ijyb
  2687 | D:4      | Reached skill level 5 in Shields
  2902 | D:4      | Noticed Pikel
  2920 | D:4      | Killed Pikel
  2921 | D:4      | Reached skill level 6 in Axes
  2921 | D:4      | Reached skill level 5 in Armour
  2921 | D:4      | Reached XP level 7. HP: 20/55 MP: 7/7
  2921 | D:4      | Reached XP level 8. HP: 22/61 MP: 8/8
  3317 | D:5      | Entered Level 5 of the Dungeon
  3369 | D:5      | Noticed Edmund
  3378 | D:5      | Gained mutation: Your system is resistant to poisons.
                  | (rPois) [potion of mutation]
  3378 | D:5      | HP: 1/61 [Edmund/+2 flail of protection (10)]
  3378 | D:5      | Constricted to death by Edmund

Illustrated notes

Levels and vault maps discovered:
D:1:      matt_arrival_los_fun, layout_loops_ring, shapermc_ecumenical_altar_gd,
          feat_on_display
D:2:      layout_basic, chequers_serial_rivers_micro_a, uniq_terence
D:3:      minmay_spotlight, layout_rooms, ebering_ghost_sewer_f, serial_rivers,
          chequers_serial_rivers_micro_b, chequers_serial_rivers_micro_c,
          chequers_serial_rivers_small_3, chequers_serial_rivers_small_3,
          uniq_ijyb
D:4:      layout_gridville, uniq_pikel
D:5:      layout_basic, uniq_edmund

Skill      XL: |  1  2  3  4  5  6 |
---------------+-------------------+-----
Axes           | 3 4 6 |  6.2
Armour         | 4 5 |  5.6
Fighting       | 4 |  4.8
Shields        | 5 |  5.6

Action                     |  1- 3 |  4- 6 |  7- 9 || total
---------------------------+-------+-------+-------++-------
  Melee: War axe           |   104 |   132 |    16 ||   252
    Use: Potion            |       |     3 |     1 ||     4
 Armour: Scale mail        |    58 |    84 |     6 ||   148
  Dodge: Dodged            |    56 |    86 |     5 ||   147
  Block: Buckler           |    25 |    51 |     7 ||    83
